 Dungeon Crawl Stone Soup version 0.28.0 (webtiles) character file.

Game seed: 1316700610908236222

12 psuckher the Skirmisher (level 2, -1/32 HPs)
             Began as an Ogre Delver on Feb 16, 2022.
             Slain by a bullfrog skeleton (4 damage)
             ... on level 5 of the Dungeon.
             The game lasted 00:00:22 (69 turns).

psuckher the Skirmisher (Ogre Delver)                 Turns: 69, Time: 00:00:23

Health: -1/32      AC:  3    Str: 15    XL:     2   Next: 33%
Magic:  2/2        EV: 10    Int: 11    God:
Gold:   0          SH:  0    Dex: 10    Spells: 1/1 levels left

rFire   . . .      SeeInvis .   a - +0 hand axe
rCold   . . .      Faith    .   (no shield)
rNeg    . . .      Spirit   .   b - +0 robe
rPois   .          Reflect  .   (helmet restricted)
rElec   .          Harm     .   (no cloak)
rCorr   .          Rampage  .   (gloves unavailable)
Will    .....                   (boots unavailable)
Stlth   ++........              (no amulet)
HPRegen 0.10/turn               (no ring)
MPRegen 0.08/turn               (no ring)

@: no status effects
A: large, unfitting armour, tough skin 1
a: no special abilities


You were on level 5 of the Dungeon.
You visited 1 branch of the dungeon, and saw 1 of its levels.

Inventory:

Hand Weapons
 a - a +0 hand axe (weapon)
Armour
 b - a +0 robe (worn)
Wands
 g - a wand of digging (3)
Scrolls
 c - a scroll of fog
 d - a scroll of magic mapping
 e - a scroll of fear
Potions
 f - a potion of haste


   Skills:
 + Level 4.2 Fighting
 + Level 2.1 Axes
 + Level 1.8 Dodging
 + Level 4.0 Stealth


You had one spell level left.
You didn't know any spells.
Your spell library was empty.

Dungeon Overview and Level Annotations

Branches:
Dungeon (5/15)
 Temple: D:4-7

Altars:


Innate Abilities, Weirdness & Mutations

You are too large for most types of armour.
You have tough skin. (AC +1)


Message History

The hound skeleton is severely damaged.
You hit the bullfrog skeleton. The hound skeleton barely misses you.
The bullfrog skeleton barely misses you.
The hound skeleton bites you.
The bullfrog skeleton barely misses you.
You hit the hound skeleton.
The hound skeleton is severely damaged.
You hit the bullfrog skeleton.
The bullfrog skeleton hits you but does no damage.
The hound skeleton bites you but does no damage.
The bullfrog skeleton hits you. The hound skeleton bites you.
You hit the hound skeleton.
The hound skeleton is almost destroyed.
You hit the bullfrog skeleton.
The hound skeleton bites you but does no damage.
The bullfrog skeleton barely misses you.
You barely miss the hound skeleton.
The hound skeleton is almost destroyed.
You hit the bullfrog skeleton but do no damage.
The hound skeleton bites you but does no damage.
The bullfrog skeleton hits you.
* * * LOW HITPOINT WARNING * * *
The hound skeleton barely misses you.
The bullfrog skeleton hits you but does no damage.
You hit the hound skeleton.
You destroy the hound skeleton!
You hit the bullfrog skeleton.
The bullfrog skeleton barely misses you.
Your Stealth skill increases to level 4!
You have reached level 2!
You hit the bullfrog skeleton.
The bullfrog skeleton is severely damaged.
The bullfrog skeleton hits you.
* * * LOW HITPOINT WARNING * * *
The bullfrog skeleton hits you.
* * * LOW HITPOINT WARNING * * *
You hit the bullfrog skeleton.
The bullfrog skeleton is almost destroyed.
The bullfrog skeleton hits you.
You die...

##+##. #.....
#..... #....#
#..(.#.#....##
#....#.#.....
#....#......####
#..Z@##.....##.#
#....##....# #.#
#....#.......#
#.#
#.####.###...#
#.# # #.......#
#.# #####...#
#.# ##..###.#
#...##'######
#............


You could see a bullfrog skeleton.

Vanquished Creatures
  A hound skeleton (D:5)
1 creature vanquished.

Notes
Turn   | Place    | Note
-------+----------+-------------------------------------------
     0 | D:5      | psuckher the Ogre Delver began the quest for the Orb.
     0 | D:5      | Reached XP level 1. HP: 24/24 MP: 1/1
    68 | D:5      | Reached XP level 2. HP: 8/32 MP: 2/2
    69 | D:5      | Slain by a bullfrog skeleton

Illustrated notes

Levels and vault maps discovered:
D:5:      layout_basic, nicolae_wu_jian_glorious_leap,
          minmay_temple_entry_slanted, uniq_prince_ribbit1

Skill      XL: |  1 |
---------------+----+-----
Stealth        | 4 |  4.0
Fighting       | |  4.2
Axes           | |  2.1
Dodging        | |  1.8

Action                   || total
-------------------------++-------
Melee: Hand axe          ||     8
Armor: Robe              ||     7
Dodge: Dodged            ||     6
